AoeStats
← [KMNB] Bandeira

Arabia

505648094Analyzed
2v2 RM · 23d ago on Sep 10, 2026· 29m 10s· 4 players
Game mode
Random Map
Map size
Medium (4 player)
Population
200
Speed
Normal
Resources
Standard
Victory
Conquest
Starting age
Dark Age
Ending age
Imperial Age
RankedLock teamsTeams togetherTeam positionsShared explorationLock speedFull tech treeHidden civsTurbo modeCheats
Victory
Defeat
🇨🇳 Romans · China
1456
+20
🇨🇳 Romans · China
1374
+23
🇧🇷 Magyars · Brazil
1554
-22
🇧🇷 Britons · Brazil
1532
-21
zrl
8:52 Feudal Age
8:35 Loom
11:05 Double-Bit Axe
14:19 Scale Barding Armor
17:49 Forging
17:36 Horse Collar
25:43 Castle Age
24:32 Gold Mining
24:56 Bloodlines
26:31 Husbandry
27:42 Chain Barding Armor
29:02 Gold Shaft Mining
29:00 Fletching
29:50 Iron Casting
WINDYSKY
8:53 Feudal Age
9:01 Man-at-Arms
12:15 Double-Bit Axe
12:29 Loom
19:35 Castle Age
19:10 Forging
19:03 Scale Mail Armor
19:45 Long Swordsman
20:26 Squires
23:10 Chain Mail Armor
27:09 Forging
[KMNB] Bandeira
7:10 Loom
9:29 Feudal Age
10:14 Double-Bit Axe
15:34 Scale Barding Armor
18:14 Horse Collar
24:38 Castle Age
23:36 Bloodlines
23:29 Gold Mining
25:43 Chain Barding Armor
26:19 Husbandry
[KMNB] Dedão
6:54 Loom
9:23 Feudal Age
10:09 Double-Bit Axe
13:41 Fletching
21:36 Castle Age
20:17 Padded Archer Armor
20:38 Gold Mining
21:40 Crossbowman
22:47 Bow Saw
22:37 Bodkin Arrow
24:09 Wheelbarrow
Connection lost

Rejoining the realm…

Still unreachable

The connection could not be restored.

Session expired

The server has moved on; the page needs a fresh start.